[Event "*** Titled Tuesday Blitz"]
[Site "Chess.com"]
[Date "2020.10.20"]
[Round "4"]
[White "shaheus"]
[Black "PattyCastillo"]
[Result "1-0"]
[WhiteElo "2193"]
[BlackElo "1929"]
[TimeControl "180+1"]
[EndTime "10:39:44 PDT"]
[Termination "shaheus won on time"]

1. e4 c5 2. Nf3 d6 3. c3 Nf6 4. Qb3 Nc6 5. d4 cxd4 6. cxd4 e6 7. Nc3 Be7 8. Bd3 O-O 9. O-O b6 10. Rd1 Bb7 11. e5 dxe5 12. dxe5 Na5 13. Qc2 Nd5 14. Bxh7+ Kh8 15. Nxd5 exd5 16. Bd3 Rc8 17. Qe2 Qc7 18.
Bf4 Nc4 19. Rac1 Qb8 20. Ng5 Bxg5 21. Qh5+ Bh6 22. Bxh6 g6 23. Qh4 1-0

[Event "*** Titled Tuesday Blitz"]
[Site "Chess.com"]
[Date "2020.10.20"]
[Round "4"]
[White "Zkid"]
[Black "731291"]
[Result "1-0"]
[WhiteElo "2824"]
[BlackElo "2631"]
[TimeControl "180+1"]
[EndTime "10:39:46 PDT"]
[Termination "Zkid won by resignation"]

1. e4 c5 2. Nf3 e6 3. d4 cxd4 4. Nxd4 Nc6 5. Nc3 Qc7 6. Be3 a6 7. Qf3 d6 8. O-O-O Bd7 9. Qg3 Nf6 10. Be2 Rc8 11. Kb1 b5 12. Nxc6 Bxc6 13. Rd4 Nxe4 14. Nxe4 Bxe4 15. Rc1 d5 16. Bf4 Qc5 17. Rd2 Bg6 18. h4 h5 19. Be5 Rc6 20. f4 Bd6 21.
Bxg7 Rg8 22. Bd4 Qxc2+ 23. Rdxc2 Rxc2 24. Bd3 Rxg2 25. Qf3 Rg3 26. Qxg3 1-0

[Event "*** Titled Tuesday Blitz"]
[Site "Chess.com"]
[Date "2020.10.20"]
[Round "4"]
[White "TimofeevAr"]
[Black "UKR_Master"]
[Result "1-0"]
[WhiteElo "2788"]
[BlackElo "2456"]
[TimeControl "180+1"]
[EndTime "10:39:48 PDT"]
[Termination "TimofeevAr won by resignation"]

1. e4 c5 2. Nf3 d6 3. Bc4 e6 4. O-O Nf6 5. Re1 Nc6 6. Bb3 Be7 7. c3 O-O 8. d4 cxd4 9. cxd4 d5 10. e5 Ne4 11. Nc3 Nxc3 12. bxc3 f5 13. exf6 Bxf6 14. Qd3 g6 15. Bh6 Re8 16. Re2 Bd7 17. Rae1 Rc8 18. g3 Na5 19. Ne5 Nxb3 20. axb3 Qc7 21. Qf3 Bxe5 22.
Rxe5 Re7 23. R5e3 Rf7 24. Qe2 Qb6 25. b4 Bb5 26. Qd2 Rc6 27. h4 a5 28. bxa5 Qxa5 29.
h5 Rfc7 30. Rf3 Rc8 31. Qf4 Qc7 32. Qf8+ 1-0

[Event "*** Titled Tuesday Blitz"]
[Site "Chess.com"]
[Date "2020.10.20"]
[Round "4"]
[White "1977Ivan"]
[Black "ShahMatKanal"]
[Result "1-0"]
[WhiteElo "2687"]
[BlackElo "2461"]
[TimeControl "180+1"]
[EndTime "10:39:49 PDT"]
[Termination "1977Ivan won by resignation"]

1. d4 d5 2. c4 e6 3. Nf3 Nf6 4. Nc3 Nbd7 5. c5 b6 6. c6 Nb8 7. Qa4 Bd6 8. Bg5 h6 9. Bh4 Ba6 10. Rc1 O-O 11. e4 Bxf1 12. Kxf1 dxe4 13. Bxf6 Be7 14.
Bxe7 Qxe7 15. Nxe4 a5 16. h4 Na6 17. a3 Rfd8 18. Rh3 Rd5 19. Kg1 Rad8 20. Qc2 b5 21. Rg3 b4 22. Qc4 bxa3 23. Qxa6 axb2 24. Rb1 Qa3 25. Nf6+ Kh8 26. Nxd5 Qa1 27. Nd2 exd5 28. Qb5 Re8 29. Re3 1-0

[Event "*** Titled Tuesday Blitz"]
[Site "Chess.com"]
[Date "2020.10.20"]
[Round "4"]
[White "Flopezin"]
[Black "frederiksvane"]
[Result "0-1"]
[WhiteElo "2357"]
[BlackElo "2661"]
[TimeControl "180+1"]
[EndTime "10:39:49 PDT"]
[Termination "frederiksvane won by resignation"]

1. c4 Nf6 2. Nc3 c5 3. Nf3 Nc6 4. d4 cxd4 5. Nxd4 g6 6. e4 Bg7 7.
Be3 O-O 8. Be2 d6 9. O-O Bd7 10. h3 Nxd4 11. Bxd4 Bc6 12. Qc2 Qa5 13. a3 Rfc8 14. b4 Qd8 15. Qb2 e5 16. Be3 Nxe4 17. Nxe4 Bxe4 18. Rfd1 Qe7 19. c5 dxc5 20. Bxc5 Qe8 21.
Rd2 Bh6 22. Rdd1 b6 23. Bd6 Rc2 24. Qb3 Rac8 25. Ba6 R8c3 0-1

[Event "*** Titled Tuesday Blitz"]
[Site "Chess.com"]
[Date "2020.10.20"]
[Round "4"]
[White "fm_magua"]
[Black "barriochess"]
[Result "1-0"]
[WhiteElo "2593"]
[BlackElo "2284"]
[TimeControl "180+1"]
[EndTime "10:39:50 PDT"]
[Termination "fm_magua won by resignation"]

1. e4 d6 2. d4 Nf6 3. Nc3 g6 4. Be3 c6 5. f3 Nbd7 6. Bc4 d5 7. Bb3 e6 8. e5 Nh5 9. Nce2 c5 10. c3 Be7 11. Qd2 b6 12. Nh3 Ba6 13. Nef4 Nxf4 14. Nxf4 h5 15. g3 c4 16. Bc2 Nf8 17. h4 Bb7 18.
Nh3 b5 19. Bg5 Bxg5 20. Nxg5 Qe7 21. a4 a6 22. axb5 axb5 23. Rxa8+ Bxa8 24. O-O Nd7 25.
Ra1 Nb6 26. Ra6 Qb7 27. Qf4 Rf8 28. Ra1 Nd7 29. Nh7 Rg8 30. Nf6+ Nxf6 31. exf6 Kd7 32.
Qh6 Kc6 33. Qh7 Rb8 34. Qg7 Qc7 35. Kf2 b4 36. Ra6+ Kb5 37. Rxe6 bxc3 38. bxc3 Ka5 39. Re2 Rb2 40. Qf8 1-0

[Event "*** Titled Tuesday Blitz"]
[Site "Chess.com"]
[Date "2020.10.20"]
[Round "4"]
[White "MIJuanReyesRosa"]
[Black "KatarinaOstojic"]
[Result "0-1"]
[WhiteElo "2091"]
[BlackElo "2333"]
[TimeControl "180+1"]
[EndTime "10:39:52 PDT"]
[Termination "KatarinaOstojic won on time"]

1. d4 f5 2. c4 d6 3. Nc3 Nf6 4.
Nf3 g6 5. Bf4 Bg7 6. h3 O-O 7. e3 Nc6 8. Bh2 e6 9. Be2 a6 10. O-O Qe7 11. Re1 Ne4 12. Qc2 Nxc3 13. bxc3 e5 14. Rab1 Kh8 15. Bf1 Qf7 16. c5 e4 17. Nd2 dxc5 18. dxc5 Ne5 19. Bxe5 Bxe5 20. f3 exf3 21. Nxf3 Bg7 22. Qa4 Bxc3 23. Ng5 Qe7 24. Qh4 Bf6 25. Qxh7+ Qxh7 26. Nxh7 Kxh7 0-1

[Event "*** Titled Tuesday Blitz"]
[Site "Chess.com"]
[Date "2020.10.20"]
[Round "4"]
[White "FMJoseHerrera"]
[Black "ajdemipopushi"]
[Result "1-0"]
[WhiteElo "2535"]
[BlackElo "2343"]
[TimeControl "180+1"]
[EndTime "10:39:53 PDT"]
[Termination "FMJoseHerrera won on time"]

1. Nf3 c5 2. g3 g6 3. Bg2 Bg7 4.
d3 Nc6 5. Nc3 e6 6. h4 h6 7. e4 Nge7 8. Be3 Nd4 9. Qd2 d6 10.
Ne2 Nxe2 11. Qxe2 Bxb2 12. O-O Rb8 13. Rab1 Bg7 14. d4 cxd4 15. Nxd4 O-O 16. Qd2 Kh7 17. Nb5 d5 18. h5 a6 19. hxg6+ Nxg6 20. Nd4 Qc7 21.
exd5 exd5 22. Bxd5 Bh3 23. Rfd1 Rfd8 24. Be4 Qe5 25.
Qd3 Rd7 26. c3 1-0

[Event "*** Titled Tuesday Blitz"]
[Site "Chess.com"]
[Date "2020.10.20"]
[Round "4"]
[White "krasavetc"]
[Black "jacky72"]
[Result "0-1"]
[WhiteElo "2325"]
[BlackElo "2556"]
[TimeControl "180+1"]
[EndTime "10:39:56 PDT"]
[Termination "jacky72 won by resignation"]

1. e4 a6 2. d4 g6 3. Nf3 Bg7 4. Bc4 b5 5. Bd5 c6 6. Bb3 e6 7. Bf4 d5 8. a4 dxe4 9. Ne5 Nf6 10. Nc3 Bb7 11. Qe2 Nbd7 12. Nxe4 Nxe4 13. Qxe4 O-O 14.
O-O Nf6 15. Qd3 Nd5 16. Bg3 Qb6 17. Nd7 Qxd4 18. Nxf8 Qxd3 19. cxd3 Kxf8 20. axb5 cxb5 21. Rab1 Ke7 22. Rfc1 e5 23. Rc5 Rd8 24. Rbc1 Rd7 25. h3 f5 26. Bh4+ Kd6 27. Ba2 h6 28. f3 Nf4 29.
R1c2 Nxd3 30. R5c3 e4 31. fxe4 Bxe4 32. Rc8 Bd4+ 33. Bf2 Nxf2 34. Rxf2 Rc7 35. Rxc7 Kxc7 0-1

[Event "*** Titled Tuesday Blitz"]
[Site "Chess.com"]
[Date "2020.10.20"]
[Round "4"]
[White "albi1999"]
[Black "Sueetin"]
[Result "1-0"]
[WhiteElo "2601"]
[BlackElo "2354"]
[TimeControl "180+1"]
[EndTime "10:39:57 PDT"]
[Termination "albi1999 won by checkmate"]

1. d4 Nf6 2. c4 e6 3. Nf3 d5 4. g3 dxc4 5. Bg2 Bd7 6. Ne5 Bc6 7. Nxc6 Nxc6 8. O-O Qd7 9. e3 O-O-O 10. Nd2 h5 11.
Nxc4 h4 12. Bd2 Nd5 13. b4 hxg3 14. hxg3 Bd6 15. Qb3 f5 16. Rfc1 Kb8 17. a4 g5 18.
b5 Nce7 19. a5 Ng6 20. b6 cxb6 21. axb6 a6 22. Rab1 Qh7 23. Nxd6 Qh2+ 24. Kf1 Rxd6 25. Qa3 Rd7 26. Rc7 Rdh7 27. Qd6 Ka8 28. Qxe6 Ngf4 29. exf4 Nxf4 30. gxf4 gxf4 31. Rc8+ Rxc8 32. Qxc8# 1-0

[Event "*** Titled Tuesday Blitz"]
[Site "Chess.com"]
[Date "2020.10.20"]
[Round "4"]
[White "simplerXiao"]
[Black "Fortitudine"]
[Result "0-1"]
[WhiteElo "2399"]
[BlackElo "2293"]
[TimeControl "180+1"]
[EndTime "10:39:58 PDT"]
[Termination "Fortitudine won by resignation"]

1. d4 Nf6 2. g3 c5 3. Nf3 g6 4. Bg2 Bg7 5. O-O cxd4 6. Nxd4 O-O 7. e4 d6 8. Nc3 a6 9. h3 Nbd7 10. Re1 e6 11. a4 Qc7 12. a5 Ne5 13. Nde2 Bd7 14.
g4 Rac8 15. Ng3 Bc6 16. b3 Rcd8 17. Bf4 Nfd7 18. Nce2 Nc5 19. Nd4 Rfe8 20. Ra2 Ncd7 21. c4 Nf6 22. g5 Nh5 23. Nxh5 gxh5 24. Qxh5 Nd3 25. Rd1 Nxf4 26. Qg4 Nxg2 27. Kxg2 d5 28. exd5 exd5 29. Nf5 dxc4+ 30. f3 Rxd1 31. Qh5 Qd7 32. Nxg7 Rd2+ 33. Rxd2 Qxd2+ 34. Kg3 Kxg7 35. Qh6+ Kg8 36.
g6 Qe1+ 37. Kg4 Qe6+ 38. Kh4 Qxg6 0-1

[Event "*** Titled Tuesday Blitz"]
[Site "Chess.com"]
[Date "2020.10.20"]
[Round "4"]
[White "Berant"]
[Black "WonderChampion"]
[Result "1-0"]
[WhiteElo "2377"]
[BlackElo "2046"]
[TimeControl "180+1"]
[EndTime "10:40:01 PDT"]
[Termination "Berant won by resignation"]

1. e4 c5 2. Nf3 g6 3. d4 cxd4 4. Qxd4 Nf6 5. e5 Nc6 6. Qa4 Nd5 7. c4 Nb6 8. Qc2 Bg7 9. Bf4 O-O 10. Nc3 f6 11. c5 fxe5 12. Bg3 e4 13. Ng5 Bxc3+ 14.
Qxc3 Nd5 15. Bc4 e6 16. Bxd5 exd5 17. Qd2 Rf5 18. Nh3 Qe7 19. Bd6 Qf7 20. O-O-O Ne5 21. Ng5 Qf6 22. Qxd5+ Nf7 23. Qxf7+ Qxf7 24. Nxf7 Rxf7 25.
Rhe1 Rxf2 26. Rxe4 Kg7 27. Re7+ Rf7 28. Rxf7+ Kxf7 29. Rf1+ Kg7 30. Bf8+ Kg8 31. Bh6 1-0

[Event "*** Titled Tuesday Blitz"]
[Site "Chess.com"]
[Date "2020.10.20"]
[Round "4"]
[White "ajedrezhoy"]
[Black "enriquebutti"]
[Result "0-1"]
[WhiteElo "2215"]
[BlackElo "2002"]
[TimeControl "180+1"]
[EndTime "10:40:01 PDT"]
[Termination "enriquebutti won by checkmate"]

1. e4 c5 2. Nf3 d6 3. c3 Nf6 4.
Be2 Bd7 5. Qc2 Bc6 6. d3 e5 7.
O-O Nbd7 8. c4 Be7 9. Nc3 O-O 10. h3 Ne8 11. Nd5 g6 12. Bh6 Ng7 13. a3 b6 14.
b4 f5 15. Nxe7+ Qxe7 16. b5 Bb7 17. a4 Nf6 18. Bg5 Qf7 19. Bxf6 Qxf6 20. a5 Ne6 21.
Ra3 Nf4 22. Rfa1 fxe4 23. dxe4 Rab8 24. Bf1 g5 25. Nh2 h5 26. f3 Ne6 27. Qd3 Nd4 28. Be2 Qg6 29. Bd1 Rf7 30. Nf1 Rbf8 31. Ne3 Bc8 32. axb6 axb6 33. Nd5 g4 34. fxg4 hxg4 35.
Bxg4 Bxg4 36. hxg4 Qxg4 37. Qh3 Qxe4 38. Nxb6 Rh7 39. Rg3+ Kh8 40. Qg4 Ne2+ 41. Qxe2 Qxe2 42. Nd5 Qf2# 0-1

[Event "*** Titled Tuesday Blitz"]
[Site "Chess.com"]
[Date "2020.10.20"]
[Round "4"]
[White "ErikRonka"]
[Black "sjam6687"]
[Result "0-1"]
[WhiteElo "2422"]
[BlackElo "2642"]
[TimeControl "180+1"]
[EndTime "10:40:02 PDT"]
[Termination "sjam6687 won by checkmate"]

1. e4 e5 2. Nf3 Nc6 3. Bb5 a6 4. Ba4 Nf6 5. O-O Nxe4 6. d4 b5 7. Bb3 d5 8. dxe5 Be6 9. Qe2 Be7 10. Rd1 Nc5 11. Nc3 Nxb3 12. cxb3 O-O 13. Bf4 d4 14. Qe4 Qe8 15. Nxd4 Nxd4 16. Rxd4 c5 17. Rd2 Rc8 18.
Nd5 c4 19. h3 Bxd5 20. Rxd5 cxb3 21. axb3 Qc6 22. Rc1 Qg6 23. Qxg6 hxg6 24. Rd7 g5 25. Be3 Rxc1+ 26. Bxc1 Rc8 27. Be3 Bb4 28. Ra7 a5 29.
Bb6 Rc2 30. Bxa5 Bc5 31. Ra8+ Kh7 32. b4 Bxf2+ 33. Kh2 Rxb2 34. Rb8 Rb3 35. Rxb5 Bg3+ 36. Kg1 Rb1# 0-1

[Event "*** Titled Tuesday Blitz"]
[Site "Chess.com"]
[Date "2020.10.20"]
[Round "4"]
[White "VerdeNotte"]
[Black "Lion-Al-Messi"]
[Result "1-0"]
[WhiteElo "2856"]
[BlackElo "2574"]
[TimeControl "180+1"]
[EndTime "10:40:06 PDT"]
[Termination "VerdeNotte won by resignation"]

1. Nf3 b6 2. e4 Bb7 3. Nc3 e6 4. d4 Bb4 5. Bd3 Nf6 6. e5 Ne4 7. Bd2 Nxd2 8. Nxd2 Nc6 9. a3 Be7 10. Qg4 O-O 11. Nf3 f5 12. exf6 Bxf6 13. O-O-O Qe7 14. h4 a6 15. Ne4 h6 16. Qg6 Qf7 17. Nxf6+ Qxf6 18.
Qh7+ Kf7 19. Ne5+ Nxe5 20. dxe5 Qf4+ 21. Kb1 Rg8 22. Rhe1 Ke7 23. Be4 Bxe4 24. Rxe4 Qf5 25. Qxf5 exf5 26. Red4 Rad8 27. h5 Ke6 28. Re1 Rgf8 29.
g3 c5 30. Rd6+ Ke7 31. Rxb6 Ra8 32. Rg6 Rg8 33. Rd1 Ra7 34. Rd5 Rc7 35. Rxa6 Rf8 36.
Rg6 Kf7 37. Rxd7+ Rxd7 38. e6+ Ke7 39. exd7 Kxd7 40. Rxg7+ Kd6 41. Rg6+ 1-0

[Event "*** Titled Tuesday Blitz"]
[Site "Chess.com"]
[Date "2020.10.20"]
[Round "4"]
[White "mamey78"]
[Black "valeriocarnicelli"]
[Result "1-0"]
[WhiteElo "2415"]
[BlackElo "2588"]
[TimeControl "180+1"]
[EndTime "10:40:07 PDT"]
[Termination "mamey78 won by resignation"]

1. e4 e5 2. Nf3 Nc6 3. Bb5 g6 4. d4 exd4 5. Bg5 Be7 6. Bxe7 Qxe7 7. Bxc6 dxc6 8. Qxd4 Nf6 9. Nc3 c5 10. Qe3 Bg4 11.
Nd2 O-O-O 12. h3 Be6 13. O-O-O Kb8 14. Qg5 Rhe8 15. Rhe1 Ng8 16. Qxe7 Nxe7 17. f4 b6 18. g4 Nc6 19. Nf3 Nd4 20. Ng5 h6 21. Nxe6 Nxe6 22. f5 Ng5 23. Rxd8+ Rxd8 24. Re3 c6 25. h4 Nh7 26. e5 Kc7 27. e6 gxf5 28. gxf5 Re8 29. Rg3 Re7 30. Rg7 Nf8 31. Ne4 Kd8 32. Rg8 Re8 33.
exf7 Rxe4 34. Rxf8+ Ke7 35. Re8+ 1-0

[Event "*** Titled Tuesday Blitz"]
[Site "Chess.com"]
[Date "2020.10.20"]
[Round "4"]
[White "ShapkinAnatoliy"]
[Black "Infernal_XaM"]
[Result "0-1"]
[WhiteElo "2650"]
[BlackElo "2860"]
[TimeControl "180+1"]
[EndTime "10:40:10 PDT"]
[Termination "Infernal_XaM won by resignation"]

1. d4 Nf6 2. c4 e6 3. g3 d5 4. Nf3 Bb4+ 5. Bd2 Be7 6. Bg2 O-O 7. O-O Nbd7 8. Qc2 a5 9. Bf4 c6 10. Nbd2 b6 11. e4 Ba6 12. b3 c5 13. exd5 exd5 14. Rfe1 Rc8 15. Qf5 g6 16. Qh3 Re8 17. Rad1 cxd4 18.
Nxd4 Bc5 19. Nb5 Rxe1+ 20. Rxe1 dxc4 21. bxc4 Bxb5 22. cxb5 Nh5 23. Qg4 Ndf6 24. Qf3 Nxf4 25. Qxf4 Bb4 26. Re2 Rc2 27. Ne4 Rxe2 28. Nxf6+ Kg7 29.
Ne4 Qd4 30. g4 Re1+ 31. Bf1 Rxe4 0-1

[Event "*** Titled Tuesday Blitz"]
[Site "Chess.com"]
[Date "2020.10.20"]
[Round "4"]
[White "pavelalexandru07"]
[Black "vladgoncharov"]
[Result "0-1"]
[WhiteElo "2276"]
[BlackElo "2504"]
[TimeControl "180+1"]
[EndTime "10:40:10 PDT"]
[Termination "vladgoncharov won by resignation"]

1. e4 e6 2. d4 d5 3. Nc3 Bb4 4. e5 c5 5. a3 Bxc3+ 6. bxc3 Ne7 7. Qg4 O-O 8. Nf3 Nbc6 9. Bd3 f5 10. exf6 Rxf6 11.
Bg5 Rf7 12. Qh4 h6 13. Bd2 c4 14. Be2 Qf8 15. O-O g5 16. Qh5 Qg7 17. Rfe1 Bd7 18.
Bf1 Ng6 19. Re2 Raf8 20. Rae1 Rf5 21. h3 Nf4 22. Bxf4 Rxf4 23. Re3 Be8 0-1

[Event "*** Titled Tuesday Blitz"]
[Site "Chess.com"]
[Date "2020.10.20"]
[Round "4"]
[White "LiamVrolijk"]
[Black "Maghalashvili"]
[Result "0-1"]
[WhiteElo "2847"]
[BlackElo "2677"]
[TimeControl "180+1"]
[EndTime "10:40:12 PDT"]
[Termination "Maghalashvili won on time"]

1. c4 e6 2. Nc3 d5 3. d4 Be7 4.
Nf3 Nf6 5. Bf4 O-O 6. e3 Nbd7 7. a3 c5 8. cxd5 Nxd5 9. Nxd5 exd5 10. dxc5 Nxc5 11.
Be2 Bf6 12. Be5 Bg4 13. Bxf6 Qxf6 14. Qd4 Qxd4 15. Nxd4 Bxe2 16. Kxe2 g6 17. Rac1 Rac8 18. Rhd1 a6 19. Rc3 Na4 20. Rb3 b5 21. f3 Kg7 22.
Kd2 Rc4 23. Rb1 Rfc8 24. Rb4 R4c7 25. Rb3 h5 26. h4 Kf6 27. Rd3 Ke5 28. b3 Nc5 29.
Rc3 Ne4+ 30. fxe4 Rxc3 31. exd5 Kxd5 32. Rf1 f5 33. Rd1 Ke4 34. Re1 Rd3+ 0-1

[Event "*** Titled Tuesday Blitz"]
[Site "Chess.com"]
[Date "2020.10.20"]
[Round "4"]
[White "platy3"]
[Black "RestartingChess"]
[Result "1-0"]
[WhiteElo "2816"]
[BlackElo "2522"]
[TimeControl "180+1"]
[EndTime "10:40:12 PDT"]
[Termination "platy3 won by checkmate"]

1. d4 Nf6 2. c4 b6 3. Nf3 Bb7 4. g3 Bxf3 5. exf3 d5 6. Bg2 e6 7. O-O Be7 8. Nc3 O-O 9. cxd5 Nxd5 10. f4 c6 11. Qa4 Bf6 12. Be3 b5 13. Qc2 Nd7 14.
a4 a6 15. Ne4 N7b6 16. axb5 cxb5 17. b3 Rc8 18. Qd2 Ra8 19. Nc5 Qc8 20. Rfc1 Qd8 21.
Rxa6 Rxa6 22. Nxa6 Qa8 23. Nc7 Qa3 24. Nxd5 Nxd5 25.
Bxd5 exd5 26. Qd3 b4 27. Rc6 h6 28. g4 Re8 29. g5 hxg5 30. fxg5 Be7 31. g6 f6 32. Qf5 Qxb3 33. Qe6+ Kh8 34. Qh3+ Kg8 35.
Qh7+ Kf8 36. Qh8# 1-0

[Event "*** Titled Tuesday Blitz"]
[Site "Chess.com"]
[Date "2020.10.20"]
[Round "4"]
[White "Malev212"]
[Black "Bigfish1995"]
[Result "0-1"]
[WhiteElo "2542"]
[BlackElo "3038"]
[TimeControl "180+1"]
[EndTime "10:40:17 PDT"]
[Termination "Bigfish1995 won on time"]

1. e4 c5 2. Nc3 g6 3. Bc4 Bg7 4. Nge2 Nc6 5. a3 Nh6 6. d3 O-O 7. O-O Kh8 8. Be3 d6 9. h3 f5 10. Qd2 Nf7 11. f4 a6 12. Rab1 b5 13. Ba2 e6 14. b4 Nd4 15. bxc5 dxc5 16. e5 g5 17.
fxg5 Nxe5 18. Nf4 Qxg5 19. Qf2 Bh6 20. Kh1 Bb7 21. Nce2 Nxc2 22. Bxc5 Rg8 23. Bxe6 Nxd3 24. Nxd3 Qxg2+ 25. Qxg2 Rxg2 26. Bxf5 Rxe2+ 27. Kg1 Rg8+ 0-1

[Event "*** Titled Tuesday Blitz"]
[Site "Chess.com"]
[Date "2020.10.20"]
[Round "4"]
[White "CM_rui"]
[Black "shriyanasmallya"]
[Result "1-0"]
[WhiteElo "2369"]
[BlackElo "1660"]
[TimeControl "180+1"]
[EndTime "10:40:18 PDT"]
[Termination "CM_rui won by resignation"]

1. e4 e5 2. Nc3 Nf6 3. f4 exf4 4. e5 Ng8 5. Nf3 Nc6 6. d4 d5 7. Bxf4 Bg4 8. Be2 Bxf3 9. Bxf3 Bb4 10. O-O Bxc3 11.
bxc3 Qd7 12. a4 Nge7 13. Rb1 b6 14. Qd3 Ng6 15. Bg3 O-O 16. h4 Nge7 17. h5 h6 18. Kh2 f5 19. Rbe1 Qe6 20. Qd2 Qf7 21. c4 dxc4 22.
d5 Rad8 23. Qf2 Na5 24. e6 Qf6 25. Bxc7 Rc8 26. Be5 Qg5 27. d6 Nec6 28. e7 Rf7 29.
Bd5 Nxe5 30. Rxe5 Qxh5+ 31. Kg1 Nc6 32. Bxc6 1-0

[Event "*** Titled Tuesday Blitz"]
[Site "Chess.com"]
[Date "2020.10.20"]
[Round "4"]
[White "Klavdia_Nik"]
[Black "novocane"]
[Result "0-1"]
[WhiteElo "2074"]
[BlackElo "2291"]
[TimeControl "180+1"]
[EndTime "10:40:18 PDT"]
[Termination "novocane won by resignation"]

1. Nf3 c5 2. b3 b6 3. Bb2 Bb7 4. e3 e6 5. c4 Nf6 6. Be2 Be7 7. O-O O-O 8. d4 d6 9. Nc3 Nbd7 10. Qc2 a6 11. Rad1 Rc8 12. e4 cxd4 13. Nxd4 Qc7 14.
f3 Qb8 15. Qd2 Bd8 16. Kh1 Bc7 17. Ba3 Rfe8 18. g3 d5 19. cxd5 exd5 20. exd5 Nxd5 21. Nxd5 Bxd5 22. Bxa6 Rcd8 23. Qg5 Qa8 24. Bb2 Be5 25. Bb5 Bxd4 26. Bxd4 Bxf3+ 27. Kg1 f6 28. Bc4+ Kh8 29. Rd2 fxg5 0-1

[Event "*** Titled Tuesday Blitz"]
[Site "Chess.com"]
[Date "2020.10.20"]
[Round "4"]
[White "MashaFromRussia"]
[Black "julinha97"]
[Result "1-0"]
[WhiteElo "2415"]
[BlackElo "2238"]
[TimeControl "180+1"]
[EndTime "10:40:21 PDT"]
[Termination "MashaFromRussia won by resignation"]

1. d4 Nf6 2. c4 g6 3. Nf3 Bg7 4. g3 O-O 5. Bg2 d5 6. cxd5 Nxd5 7. O-O Nb6 8. Nc3 c6 9. e4 Bg4 10. e5 Na6 11. h3 Bxf3 12. Bxf3 Nb4 13. Bg5 h6 14. Bf4 N4d5 15. Bd2 Qd7 16. Kg2 Rad8 17. Bg4 e6 18. h4 h5 19. Bf3 f6 20. Ne4 fxe5 21.
dxe5 Qc7 22. Qc2 Qxe5 23. Rae1 Qxb2 24. Qxb2 Bxb2 25. Ng5 Nc7 26. Bb4 Rfe8 27. Re2 Bf6 28. Ne4 Bg7 29. Nd6 e5 30. Nxb7 Rb8 31. Bxc6 Re6 32. Na5 Nbd5 33. Bd2 Ne7 34. Bf3 Nf5 35. Rc1 Re7 36. Nc6 Rbe8 37. Nxe7+ Rxe7 38. Bb4 Rd7 39. Rec2 Na6 40. Rc8+ Kh7 41. Ba5 Nd4 42. Be4 Rf7 43. Bd3 e4 44. Bxa6 Bh6 45. R1c7 1-0

[Event "*** Titled Tuesday Blitz"]
[Site "Chess.com"]
[Date "2020.10.20"]
[Round "4"]
[White "maxip32"]
[Black "XDPS"]
[Result "0-1"]
[WhiteElo "2426"]
[BlackElo "2711"]
[TimeControl "180+1"]
[EndTime "10:40:23 PDT"]
[Termination "XDPS won on time"]

1. e4 c5 2. Nf3 d6 3. d4 cxd4 4. Nxd4 Nf6 5. Nc3 a6 6. Be2 Nbd7 7. O-O Qc7 8. Nd5 Nxd5 9. exd5 g6 10. c4 Bg7 11. Be3 O-O 12. Rc1 Nf6 13. b4 Re8 14. a4 a5 15. Nb5 Qd8 16. Qb3 axb4 17. Qxb4 Nd7 18. c5 Nxc5 19. Bxc5 dxc5 20. Rxc5 Qb6 21.
Qc4 Bd7 22. Rc7 Rec8 23. Rxc8+ Rxc8 24. Qb4 Bf6 25. Bd3 Qc5 26. Qb3 Kg7 27. h3 h5 28. Rb1 h4 29. Na3 Be5 30. Nc4 Bg3 31. Ne3 Bd6 32. Nc4 Qxd5 33. Nxd6 Qxd6 34. Bc4 Qf4 0-1

[Event "*** Titled Tuesday Blitz"]
[Site "Chess.com"]
[Date "2020.10.20"]
[Round "4"]
[White "BigAl"]
[Black "cassoulet"]
[Result "0-1"]
[WhiteElo "2463"]
[BlackElo "2696"]
[TimeControl "180+1"]
[EndTime "10:40:25 PDT"]
[Termination "cassoulet won by resignation"]

1. e4 c5 2. Nc3 e6 3. g3 Nc6 4. Bg2 Nge7 5. Nf3 g6 6. d4 cxd4 7.
Nxd4 Bg7 8. Ndb5 d5 9. exd5 exd5 10. Nxd5 Nxd5 11. Qxd5 Qe7+ 12. Be3 O-O 13. O-O Be6 14. Qc5 Qxc5 15. Bxc5 Rfc8 16. c3 Bc4 17. Nd6 Bxf1 18. Kxf1 Rc7 19. Nxb7 Rb8 20. Re1 Rcxb7 21. Bxc6 Rxb2 22.
Bxa7 Rc8 23. Bd5 Bxc3 24. Re7 Rf8 25. Bb3 Rd2 26. Rc7 Bd4 27. Rd7 Rxf2+ 28. Ke1 Re8+ 29.
Kd1 Bxa7 30. Rxa7 Kg7 31. h4 Re3 32. g4 h5 33. gxh5 gxh5 34. Ra5 Rh3 35. Rg5+ Kf6 36. Rg1 Rxh4 37. Kc1 Rhf4 38. Rd1 Rf1 0-1

[Event "*** Titled Tuesday Blitz"]
[Site "Chess.com"]
[Date "2020.10.20"]
[Round "4"]
[White "GiantThresher"]
[Black "scarabee43"]
[Result "1-0"]
[WhiteElo "2825"]
[BlackElo "2462"]
[TimeControl "180+1"]
[EndTime "10:40:26 PDT"]
[Termination "GiantThresher won by checkmate"]

1. e4 c5 2. Nf3 e6 3. d4 cxd4 4. Nxd4 Nc6 5. Nc3 Qc7 6. Be3 a6 7. a3 b5 8. Nxc6 Qxc6 9. Be2 Bb7 10. O-O Rc8 11. Qd3 Bd6 12. Rad1 Be5 13. Bd4 d6 14.
Bxe5 dxe5 15. Qg3 Nf6 16. Qxe5 O-O 17. Bf3 Rfd8 18. h3 h6 19. Qf4 Qc5 20. Rxd8+ Rxd8 21. Rd1 Rxd1+ 22. Bxd1 e5 23. Qf3 Qd4 24. Qd3 Bxe4 25. Qxd4 exd4 26. Nxe4 Nxe4 27. Bf3 Nd2 28. Bb7 a5 29.
Ba6 b4 30. axb4 axb4 31. f3 b3 32. cxb3 Nxb3 33. Bc4 Na5 34. Bd5 Kf8 35. b4 Nb7 36. Bxb7 d3 37. Kf2 d2 38. Ke2 Ke7 39. Kxd2 Kd6 40. Kc3 Kc7 41. Bd5 f6 42. Kc4 Kd6 43. b5 f5 44. b6 g5 45. b7 Kc7 46. Kd4 h5 47. Ke5 f4 48. Kf5 g4 49. fxg4 hxg4 50.
hxg4 Kd6 51. b8=Q+ Kxd5 52. Qxf4 Kc5 53. Qe4 Kd6 54. g5 Kc5 55. g6 Kd6 56. g7 Kc5 57.
g8=Q Kd6 58. Qgd5+ Kc7 59. Qec4+ Kb6 60. Qdb5+ Ka7 61.
Qca4# 1-0

[Event "*** Titled Tuesday Blitz"]
[Site "Chess.com"]
[Date "2020.10.20"]
[Round "4"]
[White "CarlssonLudvig"]
[Black "aisha_zakirova"]
[Result "1-0"]
[WhiteElo "2445"]
[BlackElo "2144"]
[TimeControl "180+1"]
[EndTime "10:40:28 PDT"]
[Termination "CarlssonLudvig won on time"]

1. e4 c5 2. Nc3 Nc6 3. g3 g6 4. Bg2 Bg7 5. d3 e6 6. Be3 Nd4 7. Qd2 Ne7 8. f4 Nec6 9. Nf3 O-O 10. O-O Nxf3+ 11. Bxf3 Nd4 12. Bg2 b6 13. Rab1 Bb7 14. Nd1 d5 15. e5 f6 16. Bxd4 cxd4 17. exf6 Qxf6 18. Nf2 Rac8 19. Rbe1 Qe7 20. Re2 Qc5 21. Rfe1 Rfe8 22. Bh3 Rc7 23. Bxe6+ Kh8 24. Bh3 Rxe2 25. Qxe2 Bc6 26. Ng4 Bd7 27. Qe7 Qxe7 28. Rxe7 Rb7 29. Ne5 Bxe5 30. fxe5 Bc6 31. Rxb7 Bxb7 32. Bd7 Kg7 33.
e6 Kf6 34. Kg2 Ke7 35. Kf3 a6 36. Kf4 b5 37. Ke5 b4 38. Kxd4 a5 39. Ke5 1-0

[Event "*** Titled Tuesday Blitz"]
[Site "Chess.com"]
[Date "2020.10.20"]
[Round "4"]
[White "queen_iryna"]
[Black "AccioChess"]
[Result "1/2-1/2"]
[WhiteElo "2311"]
[BlackElo "2438"]
[TimeControl "180+1"]
[EndTime "10:40:29 PDT"]
[Termination "Game drawn by repetition"]

1. e4 c5 2. Nf3 e6 3. c4 b6 4.
Nc3 Bb7 5. Be2 Nc6 6. O-O Nd4 7. d3 Ne7 8. Nxd4 cxd4 9. Nb5 Nc6 10. f4 a6 11. Na3 Bxa3 12. bxa3 f5 13. Bf3 O-O 14. Bb2 fxe4 15. Bxe4 Qf6 16. Qf3 Rf7 17. Qf2 Raf8 18. Bxc6 Bxc6 19. Bxd4 Qxf4 20. Qxf4 Rxf4 21. Bxb6 h5 22. Bc5 Rxf1+ 23. Rxf1 Rxf1+ 24. Kxf1 Kf7 25. g3 g5 26. Kf2 Kg6 27. Be3 Kf5 28. Bd4 Kg4 29.
Bf6 Kf5 30. Bd8 Kg4 31. h4 gxh4 32. gxh4 Kh3 33. Ke3 Bg2 34. Kd4 Bf1 35. c5 Kg4 36. Kc3 Kf5 37. d4 Ke4 38. Bf6 Kd5 39. Be5 Ke4 40.
Bf6 Kd5 41. Be5 Ke4 42. Bf6 1/2-1/2